 Dungeon Crawl Stone Soup version 0.17-a0-1849-g8a24fa2 (webtiles) character file.

0 Ololoev the Ducker (level 1, -1/11 HPs)
             Began as a Spriggan Abyssal Knight on Sept 18, 2015.
             Was a Follower of Lugonu.
             Slain by a starspawn tentacle (3 damage)
             ... attached to a tentacled starspawn
             ... on level 1 of the Abyss.
             The game lasted 00:00:22 (55 turns).

Ololoev the Ducker (Spriggan Abyssal Knight)          Turns: 55, Time: 00:00:22

Health: -1/11      AC:  2    Str:  8    XL:     1   Next: 0%
Magic:  3/3        EV: 15    Int: 13    God:    Lugonu [*.....]
Gold:   0          SH:  0    Dex: 15    Spells: 0 memorised, 0 levels left

rFire  . . .     SeeInvis +     a - +1 spear
rCold  . . .     Clarity  .     b - +0 robe
rNeg   . . .     SustAt   .     (shield restricted)
rPois  .         Gourm    .     (helmet restricted)
rElec  .         Spirit   .     (no cloak)
rCorr  .         Warding  .     (gloves unavailable)
rMut   .         Stasis   .     (boots unavailable)
MR     .....                    (no amulet)
Stlth  +.........               (no ring)
                                d - ring of invisibility

@: confused, constricted, very quick, not resistant to hostile enchantments,
very unstealthy
A: unfitting armour, see invisible, herbivore 3, speed 3, slow metabolism 2
a: Depart the Abyss, Renounce Religion, Evoke Invisibility


Innate Abilities, Weirdness & Mutations

You are tiny and cannot use many weapons and most armour.
You have supernaturally acute eyesight.
You are a herbivore.
You cover ground extremely quickly.
You need consume almost no food.

Inventory:

Hand weapons
 a - a +1 spear (weapon)
Armour
 b - a +0 robe (worn)
Jewellery
 d - a ring of invisibility (left hand)
Comestibles
 c - a bread ration


   Skills:
 + Level 2.4 Fighting
 + Level 1.3 Polearms
 + Level 3.5 Dodging
 + Level 1.7 Invocations


You couldn't memorise any spells.
You didn't know any spells.


You were on level 1 of the Abyss.
You worshipped Lugonu.
Lugonu was aware of your devotion.
You were not hungry.

You visited 0 branches of the dungeon, and saw 0 of its levels.
You visited the Abyss 1 time.

.... .. # #..
#..##..#.#.. #..
.##..##...#..###...#.
.......... #....... .
.........##..#
#..##..#...#..#
#.....#.#.##...
..##...w...### #..
......*G@....# . .
......*wX#.### ..#
.......*.##.# #..
.........#### .#
.........
........ยง.#
.##.....## . #.....#
.......

Notes
Turn   | Place    | Note
--------------------------------------------------------------
     0 | Abyss:1  | Ololoev the Spriggan Abyssal Knight began the quest for the Orb.
     0 | Abyss:1  | Reached XP level 1. HP: 11/11 MP: 3/3
    44 | Abyss:1  | Noticed a golden eye
    46 | Abyss:1  | Noticed a tentacled starspawn
    55 | Abyss:1  | Slain by a starspawn tentacle

Dungeon Overview and Level Annotations

Branches:
Dungeon (0/15)

Altars:


Message History

The golden eye blinks at you.
You are confused.
Press: ? - help, v - describe, . - travel
Here: a golden eye (silenced)
The floor.
You're too confused!
A golden eye is nearby!
A tentacled starspawn comes into view.
The golden eye blinks at you.
You are more confused.
A tentacle flies out from the starspawn's body!
The golden eye blinks!
The starspawn tentacle grabs you. The starspawn tentacle constricts you.
Your attempt to break free from the starspawn tentacle fails, but you feel that another attempt might succeed.
The starspawn tentacle loses its grip on you.
The tentacle pulls you backwards! The golden eye blinks at you.
You are more confused.
The starspawn tentacle grabs you. The starspawn tentacle constricts you.
The golden eye blinks at you.
You are more confused.
The tentacle pulls you backwards!
The starspawn tentacle loses its grip on you.
The tentacle pulls you backwards! The starspawn tentacle grabs you.
The starspawn tentacle constricts you.
Unknown command.
The golden eye blinks!
The starspawn tentacle loses its grip on you.
The tentacle pulls you backwards!
The starspawn tentacle closely misses you.
The golden eye blinks at you.
You are more confused.
Unknown command.
The golden eye turns its gaze towards you.
The golden eye blinks at you.
You are more confused.
The starspawn tentacle grabs you. The starspawn tentacle constricts you.
Unknown command.
The tentacle pulls you backwards!
You die...

You could see a tentacled starspawn, 2 starspawn tentacles and a golden eye.

Vanquished Creatures (others)
  71 starspawn tentacle segments (Abyss:1)
71 creatures vanquished.

Vault maps used:
